 Dungeon Crawl Stone Soup version 0.31-a0-460-g9e667d4245 (webtiles) character file.

Game seed: 17549121613604051721

425 night the Ruffian (level 7, -1/50 HPs)
             Began as a Djinni Shapeshifter on Aug 4, 2023.
             Was an Initiate of Ru.
             Slain by an orc warrior
             ... wielding a +0 halberd
              (15 damage)
             ... on level 4 of the Dungeon.
             The game lasted 00:07:52 (2772 turns).

night the Ruffian (Djinni Shapeshifter)             Turns: 2772, Time: 00:07:53

Health: -1/50      AC:  2    Str: 14    XL:     7   Next: 18%
Gold:   126        EV: 17    Int: 12    God:    Ru [......] SH:  0 Dex: 13

rFire   + +          .
                       - Unarmed
rCold   x . .        (no shield)
rNeg    . . .        a - +0 animal skin
rPois   ∞            (helmet currently unavailable)
rElec   .            (cloak currently unavailable)
rCorr   .            (gloves currently unavailable)
SInv    .            (boots unavailable)
Will    .....        (no amulet)
Stlth   +            j - +5 ring of evasion
HPRegen 0.28/turn    (no ring)
MPRegen 0.00/turn

%: infuse magic (-2 HP)
@: beast-form, flying
A: beast (slay +2), flying, sickness immunity, fire resistance 2, cold
vulnerability 1, float, innate caster, HP casting, extra vitality 1
a: Begin Untransformation, Renounce Religion


You were on level 4 of the Dungeon.
You worshipped Ru.
Ru was noncommittal.
You were a hulking beast.
You visited 1 branch of the dungeon, and saw 4 of its levels.

You collected 126 gold pieces.

Inventory:

Missiles
 d - 21 poisoned darts
 e - 37 stones
 p - 2 boomerangs
Armour
 a - a +0 animal skin (worn)
 q - a +0 kite shield
Jewellery
 j - a +5 ring of evasion (left hand)
Talismans
 c - a beast talisman (active)
Scrolls
 b - a scroll of amnesia {unknown}
 h - 2 scrolls of poison {unknown}
 i - 2 scrolls of teleportation {unknown}
 l - a scroll of enchant armour {unknown}
 n - 2 scrolls of immolation {unknown}
 o - 2 scrolls of identify {unknown}
Potions
 f - a potion of curing
 k - a potion of invisibility {unknown}
 m - 2 potions of heal wounds {unknown}


   Skills:
 + Level 3.4 Fighting
 - Level 2.1 Dodging
 * Level 5.7 Unarmed Combat
 + Level 3.7 Shapeshifting


You knew the following spells:

 Your Spells              Type           Power      Damage    Failure   Level
a - Kiss of Death         Conj/Necr      0%         2d5       32%         1
b - Scorch                Fire           0%         2d5       45%         2
c - Ensorcelled Hibernat  Hex/Ice        0%         N/A       45%         2
Your spell library was empty.

Dungeon Overview and Level Annotations

Branches:
Dungeon (4/15)
 Temple: D:4-7

Altars:
Ru

Shops:
D:2 ::*


Innate Abilities, Weirdness & Mutations

You are a hulking beast.
Your limbs bulge with bestial killing power. (Slay +2)
You are flying.
You are immune to sickness and miasma.
You are immune to poison.
Your flesh is very heat resistant. (rF++)
You are vulnerable to cold. (rC-)
You float through the air rather than walking.
You learn spells naturally, not from books.
Your magical power is your life essence.
You have superior vitality. (+4 MHP)


Message History

The orc wizard is almost dead.
The hobgoblin closely misses you. The orc wizard misses you.
You barely miss the orc wizard.
The orc wizard is almost dead.
The hobgoblin misses you.
An orc warrior comes into view. It is wielding a +0 halberd.
The orc wizard barely misses you.
You hit the orc wizard.
You kill the orc wizard!
You barely miss the hobgoblin. The hobgoblin closely misses you.
You hit the hobgoblin.
The hobgoblin is heavily wounded.
The hobgoblin closely misses you.
You hit the hobgoblin.
You kill the hobgoblin!
The orc warrior misses you. 2 orcs come into view.
The orc shouts! x2; You hear a shout!
The orc warrior hits you with a +0 halberd!!
An orc comes into view. It is wielding a +0 hand axe.
Items here: ) [ ††.
You hit the orc warrior.
The orc warrior is lightly wounded.
The orc warrior barely misses you.
You hit the orc warrior.
The orc warrior is moderately wounded.
The orc warrior hits you with a +0 halberd!
* * * LOW HITPOINT WARNING * * *
You are too injured to fight recklessly!
You hit the orc warrior but do no damage.
The orc warrior is moderately wounded.
The orc warrior misses you.
You closely miss the orc warrior.
The orc warrior is moderately wounded.
The orc warrior completely misses you.
You closely miss the orc warrior.
The orc warrior is moderately wounded.
The orc misses you.
The orc warrior hits you with a +0 halberd!
You die...

#
##.....#....###....###...
#.....#.....[#..........
#.....#......#......>...
#.....#..))..#..........
#.....#......#......?...
#.....#......#....o.....
#.....#......#.......o..
######.....#####.##.oo#
.....#####.. #.##.oh##
.....# #.......# .....#
#.......# .....#
#..>....# .....#
#.......# .....#
######### ######


You could see an orc warrior and 3 orcs.

Vanquished Creatures
  A steam dragon (D:4)
  A hound (D:4)
  Natasha (thrice) (D:4)
  2 orc wizards
  3 adders
  3 worms
  2 dart slugs
  5 orcs
  6 endoplasms
  2 giant cockroaches
  10 goblins
  9 hobgoblins
  5 jackals
  6 kobolds
  4 quokkas
  16 ball pythons
  4 bats
  3 frilled lizards
  5 rats
90 creatures vanquished.

Vanquished Creatures (others)
  An endoplasm (D:4)
1 creature vanquished.

Grand Total: 91 creatures vanquished

Notes
Turn   | Place    | Note
-------+----------+-------------------------------------------
     0 | D:1      | night the Djinni Shapeshifter began the quest for the Orb.
     0 | D:1      | Reached XP level 1. HP: 17/17 MP: 0/0
    93 | D:1      | Reached XP level 2. HP: 21/22 MP: 0/0
   158 | D:1      | HP: 2/22 [dart slug/slug dart (3)]
   367 | D:1      | Reached XP level 3. HP: 27/27 MP: 0/0
   367 | D:1      | Learned a level 1 spell: Kiss of Death
   683 | D:2      | Found Yrphitus's General Store.
   873 | D:2      | Found Kepigom's Book Boutique.
  1109 | D:2      | Reached XP level 4. HP: 31/33 MP: 0/0
  1282 | D:2      | Found Syepif's Book Emporium.
  1630 | D:3      | Reached skill level 2 in Fighting
  1646 | D:3      | Reached skill level 4 in Unarmed Combat
  1904 | D:3      | Found a sacrificial altar of Ru.
  1912 | D:3      | Became a worshipper of Ru the Awakened
  1955 | D:3      | Found a faded altar of an unknown god.
  2008 | D:3      | Reached XP level 5. HP: 26/39 MP: 0/0
  2008 | D:3      | Learned a level 2 spell: Scorch
  2281 | D:4      | Noticed Natasha
  2285 | D:4      | Killed Natasha
  2299 | D:4      | Noticed Natasha
  2304 | D:4      | Killed Natasha
  2342 | D:4      | Noticed Natasha
  2351 | D:4      | Killed Natasha
  2352 | D:4      | Reached XP level 6. HP: 28/45 MP: 0/0
  2504 | D:4      | Noticed a steam dragon
  2520 | D:4      | HP: 5/38 [steam dragon/ball of steam (4)]
  2521 | D:4      | HP: 2/38 [steam dragon (3)]
  2528 | D:4      | HP: 8/57 [steam dragon/ball of steam (7)]
  2531 | D:4      | Killed a steam dragon
  2531 | D:4      | HP: 3/57 [hound (3)]
  2532 | D:4      | Reached skill level 5 in Unarmed Combat
  2542 | D:4      | Reached XP level 7. HP: 15/50 MP: 0/0
  2542 | D:4      | Learned a level 2 spell: Ensorcelled Hibernation
  2772 | D:4      | Slain by an orc warrior

Illustrated notes

Levels and vault maps discovered:
D:1:      psy_arrival_fountain, layout_basic
D:2:      layout_loops_corners, serial_shops, shop, shop, shop
D:3:      layout_rooms, mainiacjoe_overflow_six_doors_small,
          chequers_ecumenical_altar_island, serial_bayou_crossing
D:4:      layout_gridville, minmay_temple_entry_grid, uniq_natasha

Skill      XL: |  1  2  3  4  5  6 |
---------------+-------------------+-----
Shapeshifting  | 3 |  3.7
Fighting       | 2 3 |  3.4
Unarmed Combat | 4 5 |  5.7
Dodging        | |  2.1

Action                     |  1- 3 |  4- 6 |  7- 9 || total
---------------------------+-------+-------+-------++-------
  Melee: Unarmed           |    92 |   156 |    30 ||   278
         Punch             |     2 |     4 |     2 ||     8
   Cast: Kiss of Death     |       |     2 |       ||     2
         Scorch            |       |     2 |       ||     2
    Use: Potion            |       |     7 |       ||     7
   Stab: Sleeping          |     2 |     1 |       ||     3
 Armour: Animal skin       |     9 |    14 |     1 ||    24
         Skin              |       |    36 |     1 ||    37
  Dodge: Dodged            |    56 |   140 |    25 ||   221

Table legend: (Time is in decaauts)
 A = Elapsed time spent in this place.
 B = Non-inter-level travel time spent in this place.
 C = Inter-level travel time spent in this place.
 D = Time resting spent in this place.
 E = Time spent auto-exploring this place.
 F = Levels seen in this place.
 G = Mean time per level.
                   A        B        C        D        E       F      G
               +--------+--------+--------+--------+--------+-----+--------+
         Total |   2750 |   2703 |     47 |    394 |   1642 |   4 |  687.5 |
       Dungeon |   2750 |   2703 |     47 |    394 |   1642 |   4 |  687.5 |
               +--------+--------+--------+--------+--------+-----+--------+

Top non-repeatable levels by time:
     D:2: 890 daAuts
     D:1: 679 daAuts
     D:3: 664 daAuts
     D:4: 516 daAuts
